 Dungeon Crawl Stone Soup version 0.21-a0-201-g8501b10 (webtiles) character file.

4681 tilp the Arsonist (level 10, -2/77 HPs)
             Began as a Hill Orc Fire Elementalist on Aug 17, 2017.
             Was a Priest of Okawaru.
             Slain by a two-headed ogre
             ... wielding a +0 giant club
              (33 damage)
             ... on level 9 of the Dungeon on Aug 18, 2017.
             The game lasted 00:41:30 (12386 turns).

tilp the Arsonist (Hill Orc Fire Elementalist)     Turns: 12386, Time: 00:41:31

Health: -2/77      AC:  8    Str: 12    XL:     10   Next: 44%
Magic:  0/14       EV: 12    Int: 18    God:    Okawaru [***...]
Gold:   161        SH:  0    Dex: 13    Spells: 5/15 levels left

rFire    . . .     SeeInvis .   D - +0 war axe (flame)
rCold    . . .     Gourm    .   (no shield)
rNeg     . . .     Faith    .   E - +2 robe {MR+}
rPois    +         Spirit   .   k - +2 helmet
rElec    +         Reflect  .   T - +0 cloak
rCorr    .         Harm     .   o - +0 pair of gloves of Muorreip {MR+ Slay+3}
MR       ++...     Clarity  +   (no boots)
Stlth    ++........             (no amulet)
HPRegen  0.22/turn              f - ring of poison resistance
MPRegen  0.14/turn              (no ring)

@: no status effects
A: talons 1, agile 1, blurry vision 1, clarity, deformed body, poison
resistance, electricity resistance
a: Heroism, Renounce Religion


You were on level 9 of the Dungeon.
You worshipped Okawaru.
Okawaru was most pleased with you.
You were not hungry.

You visited 2 branches of the dungeon, and saw 10 of its levels.

You collected 481 gold pieces.
You spent 320 gold pieces at shops.

Inventory:

Hand Weapons
 i - a +0 morningstar
 D - a +0 war axe of flaming (weapon)
 I - a cursed -3 dagger
 W - a +1 whip of electrocution
 Y - a cursed -3 short sword
 Z - a +0 dagger of draining
Missiles
 r - 71 sling bullets
 K - 72 arrows
 Q - 5 tomahawks of dispersal
 S - 5 tomahawks (quivered)
Armour
 k - a +2 helmet (worn)
 o - the +0 pair of gloves of Muorreip (worn) {MR+ Slay+3}
   (You bought it in a shop on level 6 of the Dungeon)

   It affects your accuracy and damage with ranged weapons and melee attacks
   (+3).
   It affects your resistance to hostile enchantments.
 E - a +2 robe of magic resistance (worn)
 H - a +1 robe of resistance
 T - a +0 cloak (worn)
Jewellery
 f - a ring of poison resistance (left hand)
Wands
 a - a wand of iceblast (1/15)
 c - a wand of disintegration (18/24)
 G - a wand of lightning (0/15)
Scrolls
 g - 3 scrolls of amnesia
 l - 9 scrolls of teleportation
 m - 2 scrolls of identify
 p - 3 scrolls of remove curse
 t - 2 scrolls of blinking
 w - a scroll of magic mapping
 y - a scroll of fog
 N - a scroll of enchant weapon {unknown}
 O - a scroll of random uselessness {unknown}
 P - a scroll of torment {unknown}
 U - a scroll of recharging
Potions
 d - 3 potions of haste
 h - a potion of cancellation {unknown}
 j - 2 potions of ambrosia
 n - a potion of magic {unknown}
 q - 2 potions of curing
 s - 3 potions of lignification {unknown}
 u - a potion of mutation {unknown}
 v - 2 potions of resistance {unknown}
 A - a potion of agility {unknown}
 B - a potion of might {unknown}
 F - a potion of heal wounds {unknown}
 X - a potion of degeneration {unknown}
Books
 b - a book of Flames

   Spells                             Type                      Level
   a - Flame Tongue                   Conjuration/Fire             1
   b - Throw Flame                    Conjuration/Fire             2
   c - Conjure Flame                  Conjuration/Fire             3
   d - Inner Flame                    Hexes/Fire                   3
   e - Sticky Flame                   Conjuration/Fire             4
   f - Fireball                       Conjuration/Fire             5
 e - a book of Geomancy

   Spells                             Type                      Level
   a - Sandblast                      Earth                        1
   b - Passwall                       Transmutation/Earth          2
   c - Stone Arrow                    Conjuration/Earth            3
   d - Petrify                        Transmutation/Earth          4
   e - Lee's Rapid Deconstruction     Earth                        5
 M - a book of Conjurations

   Spells                             Type                      Level
   a - Magic Dart                     Conjuration                  1
   b - Searing Ray                    Conjuration                  2
   c - Dazzling Spray                 Conjuration/Hexes            3
   d - Fulminant Prism                Conjuration/Hexes            4
   e - Force Lance                    Conjuration/Translocation    4
   f - Iskenderun's Mystic Blast      Conjuration                  4
 V - the Collected Works on Blows and Bruises
   (You found it on level 8 of the Dungeon)

   Spells                             Type                      Level
   a - Flame Tongue                   Conjuration/Fire             1
   b - Searing Ray                    Conjuration                  2
   c - Mephitic Cloud                 Conjuration/Poison/Air       3
   d - Spellforged Servitor           Conjuration/Summoning        7
   e - Orb of Destruction             Conjuration                  7
Comestibles
 x - 3 royal jellies
 z - a bread ration
 C - 7 chunks of flesh


   Skills:
 + Level 3.4 Fighting
 - Level 1.5 Dodging
 - Level 1.5 Stealth
 - Level 3.0 Spellcasting
 * Level 10.0 Conjurations
 + Level 11.5 Fire Magic


You had 5 spell levels left.
You knew the following spells:

 Your Spells              Type           Power        Failure   Level  Hunger
a - Flame Tongue          Conj/Fire      #####        1%          1    None
b - Throw Flame           Conj/Fire      #####.       1%          2    ##.....
c - Conjure Flame         Conj/Fire      #####...     1%          3    ###....
d - Sticky Flame          Conj/Fire      #####...     1%          4    ####...


Dungeon Overview and Level Annotations

Branches:
Dungeon (9/15)             Temple (1/1) D:6
   Lair: D:8-11         Orc: D:9-12

Altars:
Ashenzari
Cheibriados
Dithmenos
Elyvilon
Fedhas
Gozag
Hepliaklqana
Kikubaaqudgha
Makhleb
Nemelex Xobeh
Okawaru
Qazlal
Ru
Sif Muna
Trog
Uskayaw
Vehumet
Wu Jian
Xom
Yredelemnul
Zin
The Shining One

Shops:
D:6 [

Annotations:
D:7 exclusions: cyclops and ugly thing
D:8 Gastronok


Innate Abilities, Weirdness & Mutations

You have sharp toenails.
You are agile. (Dex +2)
Scrolls take you a little longer to read.
You possess an exceptional clarity of mind.
Armour fits poorly on your strangely shaped body.
Your system is resistant to poisons. (rPois)
You are resistant to electric shocks. (rElec)


Message History

A puff of flame appears from out of thin air!
The puff of flame misses you.
You begin reading the scroll.
You continue reading the scroll.
As you read the scroll of teleportation, it crumbles to dust.
You feel strangely unstable.
An orc comes into view. It is wielding a hand axe.
Your surroundings suddenly seem different.
Found a leather armour.
An ice beast and a two-headed ogre come into view.
The two-headed ogre shouts in stereo!
Casting: Flame Tongue
Confirm with . or Enter, or press ? or * to list all spells.
Aiming: Conjure Flame
Press: ? - help, Dir - move target cursor The fire ignites!
The two-headed ogre is engulfed in blazing flames.
Really read with blurry vision while enemies are nearby?
You begin reading the scroll.
You continue reading the scroll.
The two-headed ogre hits you with a giant club!!
You die...

#.# #.# #.# #.#
#.# #.# #.# #@#
#O# #.# #.# #ยง#
#Y# #.#########
#.....Y....
..........[...#.


You could see a two-headed ogre and an ice beast.

Vanquished Creatures
  Pikel (D:8)
  2 hungry ghosts (D:7)
  Grum (D:8)
  2 orc warriors
  A phantom (D:7)
  A slave (D:8)
  3 sky beasts
  2 black bears
  5 ogres
  3 wolves (D:8)
  4 centaurs
  A big kobold (D:8)
  3 bullfrogs
  A water moccasin zombie (D:8)
  A wyvern skeleton (D:9)
  5 scorpions
  2 howler monkeys (D:8)
  3 crimson imps
  A jelly (D:8)
  A quasit (D:9)
  2 hounds
  3 bullfrog skeletons
  10 orc priests
  10 orc wizards
  A centaur skeleton (D:6)
  3 worker ants
  An iguana (D:8)
  4 hound skeletons
  15 gnolls
  10 adders
  5 shadow imps
  5 worms
  3 adder zombies (D:5)
  The ghost of p0werm0de the Grave Robber, a weakling DgNe (D:4)
  3 dart slugs
  9 leopard geckos
  30 orcs
  4 giant cockroaches
  6 goblins
  7 hobgoblins
  11 jackals
  11 kobolds
  4 quokkas
  2 ball pythons (D:1)
  2 bats
  5 frilled lizards
  A leopard gecko zombie (D:7)
  9 rats
220 creatures vanquished.

Vanquished Creatures (others)
  3 slaves (D:8)
  A hound (D:8)
  2 orc wizards (D:8)
  3 orcs
  3 kobolds (D:8)
12 creatures vanquished.

Grand Total: 232 creatures vanquished

Notes
Turn   | Place    | Note
-------+----------+-------------------------------------------
     0 | D:1      | tilp the Hill Orc Fire Elementalist began the quest for the Orb.
     0 | D:1      | Reached XP level 1. HP: 14/14 MP: 3/3
   171 | D:1      | Reached XP level 2. HP: 20/20 MP: 0/5
   404 | D:1      | Reached XP level 3. HP: 18/26 MP: 6/6
   408 | D:1      | Learned a level 2 spell: Throw Flame
   412 | D:1      | Learned a level 3 spell: Conjure Flame
  1421 | D:2      | Reached XP level 4. HP: 25/33 MP: 1/8
  1940 | D:2      | Reached XP level 5. HP: 36/38 MP: 4/9
  2162 | D:2      | Found a hazy altar of Hepliaklqana.
  2699 | D:2      | Learned a level 4 spell: Sticky Flame
  2965 | D:3      | Reached skill level 4 in Fire Magic
  3067 | D:3      | Reached XP level 6. HP: 14/45 MP: 3/10
  3296 | D:3      | Found a radiant altar of Vehumet.
  3755 | D:4      | Noticed p0werm0de's ghost (weakling DgNe)
  3769 | D:4      | Killed p0werm0de's ghost
  4352 | D:4      | Found a white marble altar of Elyvilon.
  4401 | D:4      | Reached skill level 5 in Fire Magic
  4431 | D:4      | Reached XP level 7. HP: 32/50 MP: 4/11
  4627 | D:3      | Reached skill level 5 in Conjurations
  5459 | D:4      | Reached skill level 6 in Fire Magic
  5813 | D:5      | Entered Level 5 of the Dungeon
  6236 | D:5      | Reached XP level 8. HP: 57/57 MP: 7/12
  6333 | D:5      | Found a hide-covered altar of Uskayaw.
  6363 | D:5      | Reached skill level 7 in Fire Magic
  7003 | D:5      | Found a blossoming altar of Fedhas.
  7315 | D:5      | Reached skill level 8 in Fire Magic
  7691 | D:6      | Found a staircase to the Ecumenical Temple.
  7737 | Temple   | Entered the Ecumenical Temple
  7774 | Temple   | Became a worshipper of Warmaster Okawaru
  8029 | D:6      | Found Besaeble's Armour Boutique.
  8113 | D:6      | Reached XP level 9. HP: 49/62 MP: 11/13
  8242 | D:6      | Reached skill level 9 in Fire Magic
  8643 | D:6      | Gained mutation: Scrolls take you a little longer to read. [mutagenic meat]
  8644 | D:6      | Gained mutation: You possess an exceptional clarity of mind. [mutagenic meat]
  8645 | D:6      | Gained mutation: You are resistant to electric shocks. (rElec) [mutagenic meat]
  8646 | D:6      | Gained mutation: Your spells are a little harder to cast, but a little more powerful. [mutagenic meat]
  8906 | D:7      | Reached * piety under Okawaru
  9015 | D:6      | Bought the cursed +0 pair of gloves of Muorreip {MR+ Slay+3} for 320 gold pieces
  9029 | D:7      | Reached skill level 10 in Fire Magic
  9140 | D:7      | Noticed a cyclops
  9362 | D:7      | Noticed a cyan ugly thing
 10137 | D:8      | Reached skill level 11 in Fire Magic
 10514 | D:8      | Reached skill level 1 in Fighting
 10799 | D:8      | Noticed Pikel
 10835 | D:8      | Killed Pikel
 10835 | D:8      | Reached ** piety under Okawaru
 10835 | D:8      | Reached XP level 10. HP: 73/73 MP: 0/14
 10887 | D:8      | Gained mutation: You have sharp toenails. [mutagenic meat]
 10888 | D:8      | Lost mutation: Your spells are a little harder to cast, but a little more powerful. [mutagenic meat]
 10889 | D:8      | Gained mutation: Armour fits poorly on your strangely shaped body. [mutagenic meat]
 10890 | D:8      | Gained mutation: You are agile. (Dex +2) [mutagenic meat]
 10891 | D:8      | Gained mutation: Your system is resistant to poisons. (rPois) [mutagenic meat]
 10912 | D:8      | Noticed Gastronok
 10970 | D:8      | Found a stormy altar of Qazlal.
 10970 | D:8      | Noticed Grum
 10983 | D:8      | Killed Grum
 11368 | D:8      | Identified the Collected Works on Blows and Bruises
 12154 | D:9      | Found an opulent altar of Gozag.
 12350 | D:9      | Reached *** piety under Okawaru
 12368 | D:9      | Reached skill level 10 in Conjurations
 12376 | D:9      | Noticed a two-headed ogre
 12386 | D:9      | Slain by a two-headed ogre

Vault maps used:
D:1:      lemuel_arrival_behind_the_door_large, st_stairs_6, minmay_hexomino_u4
D:2:      nicolae_overflow_crystal_walls
D:3:      lemuel_crystal_altar, minmay_crystal_water, serial_bayou_lagoon_a
D:4:      black_bear_nest_1, lemuel_round_altar, first_bread,
          serial_corexii_hall, corexii_hall_statues_x, corexii_hall_statues_x,
          minmay_crystal_room
D:5:      fedhas_altar_2, basic_altar, st_stairs_6
D:6:      minmay_temple_entry_crystal_x, serial_shops, kennysheep_little_box
D:7:      minmay_opposing_rooms
D:8:      nicolae_qazlal_style_of_elements, uniq_pikel, uniq_gastronok,
          uniq_grum
D:9:      grunt_gozag_breadcrumbs
Temple:   nicolae_temple_x_marks_the_god

Skill      XL: |  1  2  3  4  5  6  7  8  9 10 |
---------------+-------------------------------+-----
Spellcasting   | 2 3 |  3.0
Conjurations   | 3 4 6 7 9 10 | 10.0
Fire Magic     | 4 5 6 8 11 | 11.5
Fighting       | 2 3 |  3.4
Dodging        | |  1.5
Stealth        | |  1.5

Action                   |  1- 3 |  4- 6 |  7- 9 | 10-12 || total
-------------------------+-------+-------+-------+-------++-------
Melee: Unarmed           |     2 |       |       |       ||     2
       Short sword       |    78 |   162 |    22 |       ||   262
       Dagger            |       |       |   133 |       ||   133
       Morningstar       |       |       |   227 |       ||   227
       War axe           |       |       |   112 |    65 ||   177
       Kick              |       |       |       |    10 ||    10
Throw: Stone             |    12 |     7 |     3 |       ||    22
 Cast: Flame Tongue      |    31 |    64 |    86 |    25 ||   206
       Throw Flame       |     2 |    27 |    30 |     4 ||    63
       Conjure Flame     |       |     2 |     9 |     5 ||    16
       Sticky Flame      |       |       |    10 |     4 ||    14
Evoke: Wand              |       |       |     3 |       ||     3
  Use: Potion            |       |     2 |     3 |       ||     5
       Scroll            |       |       |    12 |     3 ||    15
 Stab: Sleeping          |     1 |       |     3 |       ||     4
       Invisible         |       |     1 |       |       ||     1
  Eat: Chunk             |     1 |     8 |    24 |     6 ||    39
       Bread ration      |     1 |       |     1 |     1 ||     3
       Meat ration       |       |       |     1 |       ||     1
Armor: Robe              |    17 |     7 |   205 |    32 ||   261
       Leather armour    |       |    36 |     8 |       ||    44
Dodge: Dodged            |    69 |   135 |   368 |    51 ||   623
